 Dungeon Crawl Stone Soup version 0.26.0-18-gc5c842f807 (webtiles) character file.

Game seed: 1304598423999738725

53 thiole the Sneak (level 3, -1/21 HPs)
             Began as an Octopode Hedge Wizard on Jan 22, 2021.
             Slain by a goblin
             ... wielding a +0 dagger
             ... led by Robin
              (6 damage)
             ... on level 2 of the Dungeon.
             The game lasted 00:04:18 (2059 turns).

thiole the Sneak (Octopode Hedge Wizard)            Turns: 2059, Time: 00:04:19

Health: -1/21      AC:  1    Str:  9    XL:     3   Next: 89%
Magic:  2/7        EV: 13    Int: 17    God:
Gold:   84         SH:  0    Dex: 11    Spells: 0/8 levels left

rFire    . . .     SeeInvis .   k - staff of cold
rCold    + . .     Faith    .   (no shield)
rNeg     . . .     Spirit   .   b - +0 hat
rPois    .         Reflect  .   (no amulet)
rElec    .         Harm     .   g - ring of wizardry
rCorr    .         Rampage  .   (no ring)
Will     .....                  (no ring)
Stlth    +++.......             (no ring)
HPRegen  0.07/turn              (no ring)
MPRegen  0.10/turn              (no ring)
                                (no ring)
                                (no ring)

@: no status effects
A: almost no armour, stealthy swim, amphibious, 8 rings, constrict 8, camouflage
1, gelatinous body 1
a: no special abilities


You were on level 2 of the Dungeon.
You visited 1 branch of the dungeon, and saw 4 of its levels.

You collected 84 gold pieces.

Inventory:

Hand Weapons
 a - a +0 dagger
 e - a +0 hand axe
Armour
 b - a +0 hat (worn)
Magical Staves
 k - an uncursed staff of cold (weapon)
Jewellery
 g - a ring of wizardry (left tentacle)
Scrolls
 c - a scroll of fear {unknown}
 f - a scroll of teleportation {unknown}
 j - a scroll of identify {unknown}
 l - a scroll of remove curse {unknown}
Potions
 d - a potion of curing
 h - 2 potions of magic {unknown}
 i - a potion of haste {unknown}
 m - a potion of flight {unknown}


   Skills:
 - Level 2.0 Dodging
 + Level 3.7 Stealth
 + Level 3.3 Spellcasting
 - Level 2.0 Conjurations
 - Level 2.0 Summonings
 - Level 1.0 Translocations


You couldn't memorise any spells.
You knew the following spells:

 Your Spells              Type           Power        Failure   Level
a - Magic Dart            Conj           36%          3%          1
b - Call Imp              Summ           9%           4%          2
c - Slow                  Hex            2%           11%         2
d - Mephitic Cloud        Conj/Pois/Air  5%           16%         3

Your spell library contained the following spells:

 Spells                   Type           Power        Failure   Level
 Blink                    Tloc           N/A          7%          2
 Conjure Flame            Conj/Fire      6%           13%         3


Dungeon Overview and Level Annotations

Branches:
Dungeon (4/15)
 Temple: D:4-7

Altars:

Annotations:
D:2 Robin


Innate Abilities, Weirdness & Mutations

You cannot wear most types of armour.
You are very stealthy in the water. (Stealth+)
You are amphibious.
You can wear up to eight rings at the same time.
You can use your tentacles to constrict eight enemies at once.
Your skin changes colour to match your surroundings (Stealth+).
Your rubbery body absorbs attacks. (AC +1, EV +1)


Message History

The goblin hits you with a +0 dagger.
The goblin shouts!
You hit the goblin.
You kill the goblin!
Robin barely misses you.
A goblin comes into view.
The goblin hits you with a +0 dagger.
* * * LOW HITPOINT WARNING * * *
It was a potion of curing.
You feel better. The goblin hits you but does no damage.
Robin throws the goblin at you! The goblin hits you with a +0 dagger.
* * * LOW HITPOINT WARNING * * *
The goblin no longer looks unusually strong.
Robin says, "Bow before me, strongest of all the hobgoblins!"
Robin roars a battlecry!
The goblin goes into a battle-frenzy!
Robin throws the goblin at you!
* * * LOW HITPOINT WARNING * * *
The goblin hits you with a +0 dagger.
You die...

#...# #.......# #...#
#.......# ....# #.......#
....# ##..##### #...# #.##
#...# ##.########### #
#............# ###
#..#.....g....# .#
..######..##....@.....# .#
......................# #.#
.#..###..###....g.....##..#
........####..........#...#
..#.##................#.#.#
.........####..g#######...#
.#...#..# ###...g.#.....#
...#..... #####.g.....#
.†........ ###.....#


You could see Robin and 2 goblins.

Vanquished Creatures
  An adder (D:2)
  An ooze (D:1)
  A worm (D:2)
  2 dart slugs (D:1)
  4 bats
  2 giant cockroaches
  6 hobgoblins
  A quokka (D:4)
  A frilled lizard (D:1)
  7 goblins (D:2)
  3 kobolds (D:1)
  2 rats
31 creatures vanquished.

Notes
Turn   | Place    | Note
-------+----------+-------------------------------------------
     0 | D:1      | thiole the Octopode Hedge Wizard began the quest for the
                  | Orb.
     0 | D:1      | Reached XP level 1. HP: 11/11 MP: 4/4
   108 | D:1      | You fall into a shaft and drop 1 floor!
   112 | D:2      | Reached XP level 2. HP: 11/17 MP: 1/6
   395 | D:4      | Noticed a scorpion
   863 | D:1      | Reached XP level 3. HP: 9/21 MP: 5/7
  1888 | D:2      | Learned a level 2 spell: Call Imp
  1891 | D:2      | Learned a level 2 spell: Slow
  1895 | D:2      | Learned a level 3 spell: Mephitic Cloud
  2037 | D:2      | Noticed Robin
  2059 | D:2      | Slain by a goblin

Illustrated notes

Levels and vault maps discovered:
D:1:      lemuel_arrival_broad_hall, layout_basic
D:2:      layout_rooms, uniq_crazy_yiuf_cottage, uniq_robin
D:3:      layout_basic, serial_forest, infiniplex_forest_corner_1,
          infiniplex_forest_end_1, infiniplex_forest_clump_double,
          infiniplex_forest_end_2, infiniplex_forest_fountain,
          infiniplex_forest_lined_2, infiniplex_forest_straight_4,
          minmay_misc_feat_x
D:4:      minmay_general_purpose_star, layout_cave_pools, serial_shops, shop,
          elyvilon_altar_1

Skill      XL: |  1  2  3 |
---------------+----------+-----
Stealth        | 3 |  3.7
Summonings     | 2 |  2.0
Conjurations   | 2 |  2.0
Dodging        | |  2.0
Spellcasting   | |  3.3
Translocations | |  1.0

Action                   || total
-------------------------++-------
Melee: Dagger            ||    39
       Constrict         ||     6
       Staff             ||    16
       Tentacles         ||     2
 Cast: Magic Dart        ||    55
       Slow              ||     1
  Use: Potion            ||     1
 Stab: Sleeping          ||     1
Armor: Skin              ||     3
Dodge: Dodged            ||    21
